cohdb
Replays
Latest Replays
All Replays
Popular Replays
Top Player Replays
Match Explorer
How It Works
Community
CoH3 Stats
Reddit
Sign in to upload your games and track your stats! →
Sign in with Steam
Match 45842178
Unlisted
Match 45842178
Overview
Messages
Build Orders
End
Panzerpioneer Squad
Kradschützen Motorcycle Team
Panzergrenadier Squad
250 Light Carrier
Construct Light Support Kompanie
Combat Half-tracks
Construct Mechanized Kompanie
Selects Armored Support Battlegroup
Selects Superior Fire Drills
8 Rad Armored Car
Marder III Tank Destroyer
Assault Grenadier Squad
Construct Panzerarmee Kommand
Vehicle Survival Package
Selects Vehicle Awareness
Selects Panzer Storm
Panzer III L Medium Tank
2.5-tonne Medical Truck
Tungsten Core Ammunition
Panzer III L Medium Tank
Selects Flammpanzer III Medium Tank
Rapid Advance
Panzer III L Medium Tank
Emergency Repair Kits
Thank You Chef
//////////////////
0
0
Comments
sign in to comment!
No comments posted yet!